 Dungeon Crawl Stone Soup version 0.23-a0-446-g036aa52 (webtiles) character file.

19 Dfrag the Firebug (level 2, 0/19 HPs)
             Began as a Demonspawn Fire Elementalist on Nov 18, 2018.
             Slain by an ooze (2 damage)
             ... on level 2 of the Dungeon.
             The game lasted 00:01:10 (303 turns).

Dfrag the Firebug (Demonspawn Fire Elementalist)     Turns: 303, Time: 00:01:11

Health: 0/19       AC:  2    Str:  8    XL:     2   Next: 55%
Magic:  1/5        EV: 14    Int: 16    God:
Gold:   33         SH:  0    Dex: 13    Spells: 4/5 levels left

rFire    . . .     SeeInvis .   (no weapon)
rCold    . . .     Gourm    .   (no shield)
rNeg     . . .     Faith    .   a - +0 robe
rPois    .         Spirit   .   (no helmet)
rElec    .         Reflect  .   (no cloak)
rCorr    .         Harm     .   (no gloves)
MR       .....                  (no boots)
Stlth    ++........             (no amulet)
HPRegen  0.06/turn              (no ring)
MPRegen  0.09/turn              (no ring)

@: no status effects
A: repulsion field 1
a: no special abilities


You were on level 2 of the Dungeon.
You were not hungry.

You visited 1 branch of the dungeon, and saw 2 of its levels.

You collected 33 gold pieces.

Inventory:

Armour
 a - a +0 robe (worn)
Potions
 d - a potion of curing {unknown}
Comestibles
 c - 2 rations


   Skills:
 - Level 1.7 Dodging
 - Level 1.7 Stealth
 + Level 2.3 Spellcasting
 + Level 1.6 Conjurations
 + Level 3.0 Fire Magic


You had 4 spell levels left.
You knew the following spells:

 Your Spells              Type           Power        Failure   Level  Hunger
a - Flame Tongue          Conj/Fire      #....        8%          1    #......

Your spell library contained the following spells:

 Spells                   Type           Power        Failure   Level  Hunger
 Throw Flame              Conj/Fire      #.....       12%         2    ###....
 Conjure Flame            Conj/Fire      #.......     22%         3    ###....
 Inner Flame              Hex/Fire       #.......     32%         3    ###....
 Sticky Flame             Conj/Fire      #.......     58%         4    #####..
 Fireball                 Conj/Fire      #.........   91%         5    ######.


Dungeon Overview and Level Annotations

Branches:
Dungeon (2/15)

Altars:


Innate Abilities, Weirdness & Mutations

You are surrounded by a mild repulsion field. (EV +2)


Message History

You climb downwards.
A goblin and a hobgoblin come into view.
Found 12 gold pieces.
Found a stone staircase leading down.
There is a stone staircase leading up here.
The rat twitches its whiskers.
The rat misses you.
Casting: Flame Tongue (safe; 8% risk of failure)
Confirm with . or Enter, or press ? or * to list all spells.
Aiming: Flame Tongue (safe; 8% risk of failure)
Press: ? - help, Shift-Dir - straight line, f - rat
Aim: a rat The flame tongue hits the rat.
You kill the rat!
Unknown command.
An ooze comes into view.
All of the chunks of flesh in your inventory have rotted away.
Found a whip.
Found a stone staircase leading down.
The ooze barely misses you. The ooze hits you.
You die...

####.##.#..........
.............>.....
###.##.####.......
#. #†# #....g. #.
#.# ...... #. #g#
....$. #. #.# ....
######.##.#
#......@..#
#.......J.#
....).....#
.#.#.#.#..#
........###
.#.#.#.# ...>...
.#.# #.


You could see an ooze.

Vanquished Creatures
  4 leopard geckos (D:1)
  2 bats (D:1)
  3 hobgoblins (D:1)
  A goblin (D:1)
  2 kobolds (D:1)
  3 rats
15 creatures vanquished.

Notes
Turn   | Place    | Note
-------+----------+-------------------------------------------
     0 | D:1      | Dfrag the Demonspawn Fire Elementalist began the quest for
                  | the Orb.
     0 | D:1      | Reached XP level 1. HP: 13/13 MP: 3/3
    95 | D:1      | Gained mutation: You are surrounded by a mild repulsion
                  | field. (EV +2) [demonic ancestry]
    95 | D:1      | Reached XP level 2. HP: 4/19 MP: 0/5
   251 | D:1      | Reached skill level 3 in Fire Magic
   303 | D:2      | Slain by an ooze

Vault maps used:
D:1:      minmay_arrival_jagged, minmay_pentomino_p2
D:2:      st_stairs_13

Skill      XL: |  1  2 |
---------------+-------+-----
Fire Magic     | 3 |  3.0
Dodging        | |  1.7
Stealth        | |  1.7
Spellcasting   | |  2.3
Conjurations   | |  1.6

Action                   || total
-------------------------++-------
Melee: Unarmed           ||    17
 Cast: Flame Tongue      ||    25
Armor: Robe              ||    22
Dodge: Dodged            ||    77

Table legend:
 A = Non-vault XP
 B = Vault XP
 C = Vault XP percentage of total XP
 D = Non-vault monster count
 E = Vault monster count
 F = Vault count percentage of total count
                 A         B        C        D         E       F
            +---------+---------+-------+---------+---------+-------
      Total |      26 |       2 |   7.1 |      13 |       2 |  13.3
            +---------+---------+-------+---------+---------+-------
        D:1 |      25 |       2 |   7.4 |      12 |       2 |  14.3
        D:2 |       1 |       0 |   0.0 |       1 |       0 |   0.0
            +---------+---------+-------+---------+---------+-------
